 Dungeon Crawl Stone Soup version 0.31-a0-152-g6aa68a64a1 (webtiles) character file.

Game seed: 16821825584614319696

182 qw the Shooter (level 5, -6/46 HPs)
             Began as a Minotaur Hunter on June 9, 2023.
             Killed from afar by a steam dragon (25 damage)
             ... with a ball of steam
             ... on level 4 of the Dungeon.
             The game lasted 00:01:07 (2612 turns).

qw the Shooter (Minotaur Hunter)                    Turns: 2612, Time: 00:01:08

Health: -6/46      AC:  5    Str: 16    XL:     5   Next: 34%
Magic:  4/4        EV: 11    Int:  6    God:
Gold:   133        SH:  0    Dex: 15    Spells: 4/4 levels left

rFire   . . .        Y - +0 shortbow
rCold   . . .        (shield currently unavailable)
rNeg    . . .        e - +0 ring mail
rPois   .            (helmet restricted)
rElec   .            (no cloak)
rCorr   .            (no gloves)
SInv    +            (no boots)
Will    .....        h - amulet of regeneration
Stlth   +            c - ring of see invisible
HPRegen 1.07/turn    (no ring)
MPRegen 0.09/turn

%: no passive effects
@: no status effects
A: horns 2, retaliatory headbutt
a: no special abilities


You were on level 4 of the Dungeon.
You visited 1 branch of the dungeon, and saw 4 of its levels.

You collected 133 gold pieces.


Innate Abilities, Weirdness & Mutations

You have a pair of horns on your head.
You reflexively headbutt those who attack you in melee.


   Skills:
 - Level 4.1 Fighting
 + Level 6.5 Ranged Weapons
 - Level 1.0 Armour
 - Level 2.1 Dodging
 - Level 0.7 Stealth


You had 4 spell levels left.
You didn't know any spells.
Your spell library was empty.

Inventory:

Hand Weapons
 Y - a +0 shortbow (weapon)
Armour
 e - a +0 ring mail (worn)
Jewellery
 c - a ring of see invisible (left hand)
 h - an amulet of regeneration (around neck)
Scrolls
 d - 2 scrolls of identify
Potions
 g - a potion of curing

Dungeon Overview and Level Annotations

Branches:
Dungeon (4/15)
 Temple: D:4-7

Altars:
Elyvilon


Message History

The arrow closely misses the steam dragon.
You shoot an arrow. The arrow hits the steam dragon.
The steam dragon is lightly wounded.
The steam dragon breathes steam at you. The ball of steam misses you.
You shoot an arrow.
The arrow hits the steam dragon but does no damage.
The steam dragon is lightly wounded.
You are engulfed in a cloud of scalding steam.
You shoot an arrow.
The arrow barely misses the steam dragon.
The steam dragon bites you! The steam dragon closely misses you.
You shoot an arrow. The arrow hits the steam dragon.
The steam dragon is moderately wounded.
The steam dragon bites you.
The steam dragon claws you but does no damage.
You shoot an arrow. The arrow hits the steam dragon.
The steam dragon is heavily wounded.
You are engulfed in a cloud of scalding steam.
The steam dragon bites you but does no damage.
The steam dragon claws you.
You shoot an arrow.
The arrow barely misses the steam dragon.
The steam dragon bites you.
The steam dragon claws you but does no damage.
You shoot an arrow.
The arrow hits the steam dragon but does no damage.
The steam dragon is moderately wounded.
The steam dragon breathes steam at you. The ball of steam misses you.
The steam dragon bites you but does no damage.
The steam dragon closely misses you.
You shoot an arrow.
The arrow hits the steam dragon but does no damage.
The steam dragon is moderately wounded.
You are engulfed in a cloud of scalding steam.
The steam dragon breathes steam at you. The ball of steam hits you!!
Ouch! That really hurt!
You die...

..# #.# ..# #.## #..
#.# #.. #.. #.# ... ...
#.# #.# #.# #.# #D# #.#
#.# ######@# ..###.#
#.....ยค#
......#####.#...####...
..........)........'...
..#########.#...####...
)#### #.##.## >...#
#.#### ###.# #.# # #.#
#.#


You could see a steam dragon (catching breath).

Vanquished Creatures
  3 adders (D:2)
  7 gnolls
  A worm (D:2)
  4 dart slugs
  5 orcs
  8 ball pythons
  6 bats
  6 endoplasms
  6 giant cockroaches
  4 goblins
  6 hobgoblins
  2 jackals (D:3)
  6 kobolds
  A quokka (D:3)
  4 rats
69 creatures vanquished.

Notes
Turn   | Place    | Note
-------+----------+-------------------------------------------
     0 | D:1      | qw the Minotaur Hunter began the quest for the Orb.
     0 | D:1      | Reached XP level 1. HP: 18/18 MP: 0/0
     0 | D:1      | 0 ||| qw: Version: 0.2-a-120-g592f744
     0 | D:1      | 0 ||| qw: Game counter: 3158
     0 | D:1      | 0 ||| qw: Always use a shield: true
     0 | D:1      | 0 ||| qw: God list: Okawaru
     0 | D:1      | 0 ||| qw: Allow faded altars: false
     0 | D:1      | 0 ||| qw: Do Orc after D:15 true
     0 | D:1      | 0 ||| qw: Do second Lair branch before Depths: true
     0 | D:1      | 0 ||| qw: Lair rune preference: random
     0 | D:1      | 0 ||| qw: Plans: Normal
     0 | D:1      | 0 ||| PLANNING D:1-11
   198 | D:1      | Reached XP level 2. HP: 25/25 MP: 1/1
   205 | D:1      | Reached skill level 5 in Ranged Weapons
   758 | D:1      | 758 ||| READING scroll labelled UTISKOENKO.
   762 | D:1      | 762 ||| READING scroll labelled NAFUCY LATATIA.
   763 | D:1      | 763 ||| READING scroll labelled RICVAP FAFF.
   764 | D:1      | 764 ||| READING scroll labelled KEDE MANYETO.
   765 | D:1      | 765 ||| DROPPING scroll of butterflies.
   795 | D:2      | Found a white marble altar of Elyvilon.
   812 | D:2      | Reached skill level 3 in Fighting
   892 | D:2      | Reached XP level 3. HP: 21/31 MP: 2/2
  1044 | D:2      | Reached XP level 4. HP: 38/38 MP: 3/3
  1101 | D:2      | Reached skill level 6 in Ranged Weapons
  1826 | D:2      | 1826 ||| UPGRADING to +0 ring mail.
  1836 | D:2      | 1836 ||| DROPPING +0 leather armour.
  1837 | D:2      | 1837 ||| UPGRADING to amulet of regeneration.
  1842 | D:2      | 1842 ||| READING scroll labelled VEDEGI ROFOB.
  1843 | D:2      | 1843 ||| READING scroll labelled TIPPYUTOINN.
  1844 | D:2      | 1844 ||| DRINKING 2 purple potions.
  1846 | D:2      | 1846 ||| Stepping ~*~*~tactically~*~*~ (cloud).
  1921 | D:3      | 1921 ||| STAIRDANCE
  1925 | D:2      | Reached skill level 1 in Armour
  1944 | D:3      | 1944 ||| STAIRDANCE
  1957 | D:3      | 1957 ||| STAIRDANCE
  1977 | D:3      | 1977 ||| STAIRDANCE
  1991 | D:3      | 1991 ||| STAIRDANCE
  1999 | D:3      | 1999 ||| STAIRDANCE
  2020 | D:3      | Reached XP level 5. HP: 46/46 MP: 4/4
  2501 | D:3      | 2501 ||| DROPPING amulet of magic regeneration.
  2502 | D:3      | 2502 ||| UPGRADING to ring of see invisible.
  2503 | D:3      | 2503 ||| DRINKING 2 pink potions.
  2504 | D:3      | 2504 ||| READING 4 scrolls of identify.
  2504 | D:3      | 2504 ||| IDENTIFYING white potion
  2505 | D:3      | 2505 ||| READING 3 scrolls of identify.
  2505 | D:3      | 2505 ||| IDENTIFYING orange potion
  2506 | D:3      | 2506 ||| DROPPING potion of enlightenment.
  2507 | D:3      | 2507 ||| DROPPING potion of degeneration.
  2508 | D:3      | 2508 ||| DROPPING potion of attraction.
  2549 | D:4      | 2549 ||| PLANNING OSSUARY
  2600 | D:4      | Noticed a steam dragon
  2612 | D:4      | Killed from afar by a steam dragon

Levels and vault maps discovered:
D:1:      tarquinn_simple_flora_water_c, layout_basic, chequers_big_river
D:2:      minmay_general_purpose_star, layout_loops_ring, serial_rivers,
          chequers_serial_rivers_micro_b, chequers_serial_rivers_micro_e,
          chequers_serial_rivers_large_a, chequers_serial_rivers_large_b,
          basic_altar
D:3:      layout_rooms, serial_bayou_pond_d
D:4:      kennysheep_spiral_hall, layout_loops_corners, enter_ossuary_1,
          ebering_ghost_inner_flame

Skill      XL: |  1  2  3  4 |
---------------+-------------+-----
Ranged Weapons | 5 6 |  6.5
Fighting       | 3 4 |  4.1
Armour         | 1 |  1.0
Dodging        | |  2.1
Stealth        | |  0.7

Action                     |  1- 3 |  4- 6 || total
---------------------------+-------+-------++-------
   Fire: Shortbow          |    81 |   135 ||   216
    Use: Scroll            |     4 |     4 ||     8
         Potion            |       |     2 ||     2
 Armour: Leather armour    |     5 |     6 ||    11
         Ring mail         |       |    20 ||    20
  Dodge: Dodged            |    22 |    59 ||    81

Table legend:
 A = Non-vault XP
 B = Vault XP
 C = Vault XP percentage of total XP
 D = Non-vault monster count
 E = Vault monster count
 F = Vault count percentage of total count
                 A         B        C        D         E       F
            +---------+---------+-------+---------+---------+-------
      Total |     256 |       4 |   1.5 |      67 |       2 |   2.9
            +---------+---------+-------+---------+---------+-------
        D:1 |      24 |       0 |   0.0 |      13 |       0 |   0.0
        D:2 |     140 |       4 |   2.8 |      28 |       2 |   6.7
        D:3 |      87 |       0 |   0.0 |      23 |       0 |   0.0
        D:4 |       5 |       0 |   0.0 |       3 |       0 |   0.0
            +---------+---------+-------+---------+---------+-------
